 Dungeon Crawl Stone Soup version 0.30.0-30-g96aa6591b8 (webtiles) character file.

Game seed: 3843660181277946269

248 croobank the Sneak (level 6, -4/41 HPs)
             Began as an Octopode Fire Elementalist on June 27, 2023.
             Was a Believer of Elyvilon.
             Killed from afar by an orc wizard (10 damage)
             ... with a puff of flame
             ... on level 4 of the Dungeon.
             The game lasted 00:08:31 (2550 turns).

croobank the Sneak (Octopode Fire Elementalist)     Turns: 2550, Time: 00:08:32

Health: -4/41      AC:  1    Str:  7    XL:     6   Next: 12%
Magic:  0/10       EV: 13    Int: 19    God:    Elyvilon [**....]
Gold:   203        SH:  0    Dex: 13    Spells: 7/10 levels left

rFire   . . .        a - +0 dagger
rCold   . . .        (no shield)
rNeg    . . .        (helmet restricted)
rPois   .            (no amulet)
rElec   .            (no ring)
rCorr   .            (no ring)
SInv    .            (no ring)
Will    .....        (no ring)
Stlth   ++++         (no ring)
HPRegen 0.26/turn    (no ring)
MPRegen 0.12/turn    (no ring)
                     (no ring)

%: no passive effects
@: no status effects
A: almost no armour, amphibious, 8 rings, camouflage 1, gelatinous body 1,
(nimble swimmer 1), tentacles
a: Renounce Religion, Purification, Heal Other


You were on level 4 of the Dungeon.
You worshipped Elyvilon.
Elyvilon was pleased with you.
You visited 1 branch of the dungeon, and saw 4 of its levels.

You collected 203 gold pieces.

Inventory:

Hand Weapons
 a - a +0 dagger (weapon)
 b - a +0 sling
 f - a +0 war axe
 p - a +0 flail
Jewellery
 l - a +4 ring of protection
 m - an amulet of magic regeneration
Scrolls
 c - 2 scrolls of vulnerability {unknown}
 g - 2 scrolls of magic mapping {unknown}
 i - a scroll of fog {unknown}
 j - 2 scrolls of identify {unknown}
 n - a scroll of enchant armour {unknown}
 o - 2 scrolls of teleportation {unknown}
 q - a scroll of blinking {unknown}
 r - a scroll of amnesia {unknown}
Potions
 d - a potion of magic
 e - a potion of attraction {unknown}
 h - 2 potions of cancellation {unknown}
 k - 3 potions of berserk rage {unknown}
 s - a potion of lignification {unknown}


   Skills:
 * Level 2.8 Fighting
 + Level 2.9 Dodging
 + Level 4.2 Stealth
 + Level 2.8 Spellcasting
 + Level 2.2 Conjurations
 + Level 3.7 Fire Magic


You had 7 spell levels left.
You knew the following spells:

 Your Spells              Type           Power      Damage    Failure   Level
a - Foxfire               Conj/Fire      56%        2x1d6     4%          1
b - Scorch                Fire           32%        2d6       4%          2

Your spell library contained the following spells:

 Spells                   Type           Power      Damage    Failure   Level
 Slow                     Hex            8%         N/A       16%         1
 Inner Flame              Hex/Fire       9%         N/A       22%         3
 Volatile Blastmotes      Fire/Tloc      18%        2d11      22%         3
 Flame Wave               Conj/Fire      14%        2d6       41%         4
 Confusing Touch          Hex            2%         N/A       43%         3
 Vampiric Draining        Necr           2%         2d6       43%         3


Dungeon Overview and Level Annotations

Branches:
Dungeon (4/15)
 Temple: D:4-7

Altars:
Elyvilon


Innate Abilities, Weirdness & Mutations

You cannot wear most types of armour.
You are amphibious.
You can wear up to eight rings at the same time.
Your skin changes colour to match your surroundings (Stealth+).
Your rubbery body absorbs attacks. (AC +1, EV +1)
((You are camouflaged when in or above water. (Stealth+)))
You have tentacles for arms and can constrict up to eight enemies at once.


Message History

Casting: Scorch (safe; 5% risk of failure)
Confirm with . or Enter, or press ? or * to list all spells.
Flames lash the orc priest.
The orc priest is heavily wounded.
The orc priest's fire resistance burns away.
Casting: Scorch (safe; 5% risk of failure)
Confirm with . or Enter, or press ? or * to list all spells.
Flames lash the orc priest.
The orc priest is burned terribly!
The orc priest is severely wounded.
You hear a shout!
The orc priest invokes the aid of Beogh against you.
Beogh smites you! Elyvilon protects you from harm!
Casting: Scorch (safe; 5% risk of failure)
Confirm with . or Enter, or press ? or * to list all spells.
You conjure some foxfire!
The orc priest invokes the aid of Beogh against you.
Pain shoots through your body!
You hit the orc priest. Your grab misses the orc priest.
The orc priest is almost dead.
The foxfire hits the orc priest.
The orc priest is almost dead.
The foxfire hits the orc priest but does no damage.
The orc priest is almost dead.
The orc priest miscasts a cantrip.
Okay, then.
Okay, then.
You hit the orc priest but do no damage.
Your grab misses the orc priest.
The orc priest is almost dead.
The orc priest calls down the wrath of Beogh upon you.
Beogh smites you!
* * * LOW HITPOINT WARNING * * *
You hit the orc priest.
You kill the orc priest!
An orc wizard comes into view.
It is wielding a +2 dagger of protection and wearing a +2 robe of fire resistance.
You have reached level 6!
The orc wizard points at you and mumbles some strange words.
The puff of flame hits you!
You die...

# ########.#
.$.#...
####.#.##
#.<....@#
#.#.....#
#.##.#..# #.
#.#)........ ..
............
#.##o#.#.......
#. #.#.+.......
#. #.#.#.......
#. .......


You could see an orc wizard.

Vanquished Creatures
  An ogre (D:4)
  2 orc priests
  An orc wizard (D:3)
  2 adders (D:2)
  A dart slug (D:3)
  3 orcs (D:3)
  7 endoplasms
  3 giant cockroaches
  5 goblins
  5 hobgoblins
  4 jackals (D:2)
  6 quokkas
  2 ball pythons
  6 bats
  2 frilled lizards
  5 kobolds
  5 rats
60 creatures vanquished.

Vanquished Creatures (others)
  56 foxfires
56 creatures vanquished.

Grand Total: 116 creatures vanquished

Notes
Turn   | Place    | Note
-------+----------+-------------------------------------------
     0 | D:1      | croobank the Octopode Fire Elementalist began the quest for
                  | the Orb.
     0 | D:1      | Reached XP level 1. HP: 11/11 MP: 3/3
   175 | D:1      | Reached XP level 2. HP: 17/17 MP: 3/5
   447 | D:1      | Found a faded altar of an unknown god.
   450 | D:1      | Noticed a floating eye
   453 | D:1      | Reached skill level 3 in Stealth
   470 | D:1      | Noticed a golden eye
   471 | D:1      | Noticed a golden eye
   471 | D:1      | Noticed a shining eye
   486 | D:1      | Prayed at the altar of an unknown god.
   486 | D:1      | Became a worshipper of Elyvilon the Healer
   486 | D:1      | Reached * piety under Elyvilon
   834 | D:2      | Reached skill level 1 in Fighting
   834 | D:2      | Reached XP level 3. HP: 23/23 MP: 6/6
   837 | D:2      | Learned a level 2 spell: Scorch
   879 | D:2      | Identified the +0 robe of the Iron City of Dis {Str+3 Int+2
                  | Dex+3}
  1254 | D:2      | Reached ** piety under Elyvilon
  1402 | D:2      | Reached XP level 4. HP: 28/28 MP: 2/7
  2398 | D:3      | Reached XP level 5. HP: 34/34 MP: 1/8
  2528 | D:4      | Noticed an ogre
  2536 | D:4      | Killed an ogre
  2537 | D:4      | Reached skill level 4 in Stealth
  2544 | D:4      | Elyvilon protects you from harm!
  2549 | D:4      | Reached XP level 6. HP: 5/41 MP: 0/10
  2550 | D:4      | Killed from afar by an orc wizard

Illustrated notes

Levels and vault maps discovered:
D:1:      ldierk_walled_garden, layout_loops_ring,
          hellmonk_ecumenical_altar_watching_god
D:2:      layout_basic
D:3:      kennysheep_six_static_rooms, layout_loops_ring
D:4:      layout_basic, vehumet_statue, tgw_trog,
          gammafunk_temple_overflow_arena, kennysheep_little_box, serial_shops,
          shop, minmay_misc_feat_four_crosses

Skill      XL: |  1  2  3  4  5 |
---------------+----------------+-----
Stealth        | 3 4 |  4.2
Fighting       | 1 2 |  2.8
Conjurations   | 2 |  2.2
Dodging        | |  2.9
Spellcasting   | |  2.8
Fire Magic     | |  3.7

Action                     |  1- 3 |  4- 6 || total
---------------------------+-------+-------++-------
  Melee: Dagger            |    43 |    19 ||    62
         Unarmed           |     2 |       ||     2
         Tentacles         |     9 |     5 ||    14
         Constrict         |     9 |     3 ||    12
   Cast: Foxfire           |    25 |     8 ||    33
         Scorch            |     7 |    17 ||    24
   Stab: Sleeping          |    10 |     3 ||    13
 Armour: Skin              |     2 |       ||     2
  Dodge: Dodged            |    33 |     7 ||    40
